 Dungeon Crawl Stone Soup version 0.19.1 (webtiles) character file.

7407 KingBobo974 the Basher (level 11, -5/60 HPs)
             Began as a Gargoyle Fighter on Dec 9, 2016.
             Was a High Priest of Okawaru.
             Slain by a demonic crawler (6 damage)
             ... on level 2 of the Abyss.
             The game lasted 00:46:31 (7883 turns).

KingBobo974 the Basher (Gargoyle Fighter)           Turns: 7883, Time: 00:46:32

Health: -5/60      AC: 23    Str: 22    XL:     11   Next: 14%
Magic:  9/11       EV: 10    Int: 10    God:    Okawaru [*****.]
Gold:   132        SH: 11    Dex:  9    Spells: 0 memorised, 10 levels left

rFire  . . .     SeeInvis +     h - +2 mace (drain)
rCold  . . .     Gourm    .     G - +5 ring mail {MR+}
rNeg   + . .     Faith    .     c - +0 shield
rPois  ∞         Spirit   .     (no helmet)
rElec  +         Reflect  .     l - +1 cloak
rCorr  .         Harm     +     (no gloves)
MR     +....                    (no boots)
Stlth  ..........               a - amulet of harm
                                C - +4 ring of protection
                                e - +1 ring of evasion

@: no status effects
A: see invisible, deformed body, negative energy resistance 1, electricity
resistance, unbreathing, petrification resistance, rot immunity, AC +7
a: Heroism, Finesse, Renounce Religion


You were on level 2 of the Abyss.
You worshipped Okawaru.
Okawaru was extremely pleased with you.
You were not hungry.

You visited 1 branch of the dungeon, and saw 9 of its levels.
You visited the Abyss 1 time.

You collected 554 gold pieces.
You spent 403 gold pieces at shops.
You donated 19 gold pieces to Zin.

Inventory:

Hand Weapons
 h - a +2 mace of draining (weapon)
 u - a +1 hand axe of electrocution
 y - a +2 flail of distortion
Armour
 c - a +0 shield (worn)
 l - a +1 cloak (worn)
 t - +0 steam dragon scales
 G - a +5 ring mail of magic resistance (worn)
Magical Staves
 E - an uncursed staff of poison
Jewellery
 a - an amulet of harm (around neck)
 e - a +1 ring of evasion (left hand)
 C - a +4 ring of protection (right hand)
Wands
 j - a wand of random effects (23/48)
 p - a wand of acid (9/15)
 q - a wand of polymorph (8/24)
 r - a wand of polymorph (13/24)
 w - a wand of acid (10/15)
 D - a wand of random effects (28/48)
Scrolls
 b - a scroll of blinking
 g - 2 scrolls of recharging
 k - a scroll of enchant armour
 o - 2 scrolls of remove curse
 x - a scroll of amnesia
 A - 5 scrolls of identify
 F - 2 scrolls of magic mapping
Potions
 d - 2 potions of might
 i - 3 potions of haste
 n - 2 potions of curing
 s - 2 potions of flight
 z - a potion of agility
 B - a potion of ambrosia
 I - a potion of resistance {unknown}
Books
 H - a book of Air

   Spells                             Type                      Level
   a - Shock                          Conjuration/Air              1
   b - Swiftness                      Charms/Air                   2
   c - Repel Missiles                 Charms/Air                   2
   d - Static Discharge               Conjuration/Air              3
   e - Lightning Bolt                 Conjuration/Air              5
Comestibles
 f - 4 bread rations
 m - 3 meat rations
 v - 2 fruits


   Skills:
 - Level 3.3 Fighting
 * Level 12.0 Maces & Flails
 + Level 9.8 Armour
 + Level 9.6 Shields


You had 10 spell levels left.
You didn't know any spells.

Dungeon Overview and Level Annotations

Branches:
Dungeon (9/15)             Temple (0/1) D:6            Lair (0/6) D:8
    Orc: D:9-12

Altars:
Ashenzari
Gozag
Kikubaaqudgha
Makhleb
Nemelex Xobeh
Okawaru
Qazlal
Ru
Sif Muna
Trog
Uskayaw
Yredelemnul
Zin
The Shining One

Shops:
D:6 }[   D:7 (

Portals:
Ossuary: D:5


Innate Abilities, Weirdness & Mutations

You are resistant to torment.
Your stone body is resilient. (AC +7)
You are immune to poison.
You resist negative energy. (rN+)
You are resistant to electric shocks. (rElec)
You can survive without breathing.
You are immune to petrification.
You are immune to rotting.
You have supernaturally acute eyesight. (SInv)
Armour fits poorly on your strangely shaped body.


Message History

The demonic crawler is lightly wounded.
You feel like a meek peon again.
The demonic crawler hits you but does no damage.
The demonic crawler closely misses you.
The demonic crawler hits you but does no damage.
You hit the demonic crawler.
The demonic crawler is lightly wounded.
The demonic crawler hits you but does no damage. x2
The demonic crawler closely misses you.
You hit the demonic crawler.
The demonic crawler is lightly wounded.
You block the demonic crawler's attack. The demonic crawler hits you!
* * * LOW HITPOINT WARNING * * *
You block the demonic crawler's attack.
You hit the demonic crawler but do no damage.
The demonic crawler is lightly wounded.
The demonic crawler hits you.
* * * LOW HITPOINT WARNING * * *
The demonic crawler hits you.
You die...

## #. #
#. #
#.#####
##.##..#
#.## .##
##.#.#
##@.####
#.s##
#..#
###. #.#
#..##


You could see a demonic crawler.

Vanquished Creatures
  A tentacled starspawn (Abyss:2)
  3 trolls
  Grinder (D:3)
  A two-headed ogre (D:8)
  2 hippogriffs (D:8)
  A steam dragon (D:8)
  A hungry ghost (D:7)
  Menkaure (D:6)
  An orc warrior (D:6)
  6 ice beasts
  A necrophage (D:8)
  3 phantoms
  A black bear (D:7)
  3 ogres (D:7)
  3 wolves (D:8)
  3 centaurs
  2 big kobolds
  A bullfrog (D:8)
  2 scorpions
  A water moccasin skeleton (D:6)
  4 killer bees (D:9)
  2 wights (D:9)
  3 howler monkeys
  4 electric eels (D:8)
  4 crimson imps
  2 bullfrog skeletons
  10 hounds
  4 orc priests
  3 centaur skeletons
  2 jellies
  7 orc wizards
  Natasha (thrice) (D:3 D:6)
  2 iguanas
  A worker ant (D:4)
  2 hound skeletons
  A mummy (D:5)
  7 gnolls
  9 adders
  2 oozes
  3 adder zombies
  2 worms
  4 dart slugs
  5 leopard geckos
  21 orcs
  5 ball pythons
  7 giant cockroaches
  6 goblins
  11 hobgoblins
  17 jackals
  2 quokkas
  4 bats
  3 frilled lizards (D:2)
  14 kobolds
  A kobold skeleton (D:7)
  4 rats
  6 plants (D:2)
225 creatures vanquished.

Vanquished Creatures (others)
  A wight (D:9)
  2 kobolds (D:8)
  2 starspawn tentacles (Abyss:2)
5 creatures vanquished.

Grand Total: 230 creatures vanquished

Notes
Turn   | Place    | Note
-------+----------+-------------------------------------------
     0 | D:1      | KingBobo974 the Gargoyle Fighter began the quest for the Orb.
     0 | D:1      | Reached XP level 1. HP: 14/14 MP: 1/1
   102 | D:1      | Reached XP level 2. HP: 16/19 MP: 2/2
   425 | D:1      | Reached XP level 3. HP: 16/23 MP: 3/3
   434 | D:1      | Reached skill level 3 in Maces & Flails
   679 | D:2      | Found a shattered altar of Ashenzari.
  1364 | D:2      | Reached XP level 4. HP: 26/28 MP: 4/4
  1939 | D:3      | Noticed Grinder
  1944 | D:3      | Paralysed by Grinder for 4 turns
  1952 | D:3      | Paralysed by Grinder for 4 turns
  1959 | D:3      | Paralysed by Grinder for 3 turns
  1968 | D:3      | Killed Grinder
  1968 | D:3      | Reached skill level 4 in Maces & Flails
  1968 | D:3      | Reached XP level 5. HP: 14/32 MP: 5/5
  1968 | D:3      | Reached XP level 6. HP: 17/37 MP: 6/6
  2084 | D:3      | Noticed Natasha
  2094 | D:3      | Killed Natasha
  2094 | D:3      | Reached skill level 5 in Maces & Flails
  2189 | D:3      | Noticed Natasha
  2196 | D:3      | Killed Natasha
  2392 | D:3      | Found a sparkling altar of Nemelex Xobeh.
  2692 | D:4      | Found a basalt altar of Yredelemnul.
  2692 | D:4      | Found a faded altar of an unknown god.
  2701 | D:4      | Found a faded altar of an unknown god.
  2710 | D:4      | Found a faded altar of an unknown god.
  2712 | D:4      | Found a faded altar of an unknown god.
  2845 | D:4      | Became a worshipper of Zin the Law-Giver
  2845 | D:4      | Reached * piety under Zin
  2845 | D:4      | Reached ** piety under Zin
  2856 | D:4      | Fell from the grace of Zin
  2856 | D:4      | Became a worshipper of Nemelex Xobeh the Trickster
  2856 | D:4      | Received a gift from Nemelex Xobeh
  2856 | D:4      | Reached * piety under Nemelex Xobeh
  2907 | D:4      | Reached XP level 7. HP: 41/41 MP: 7/7
  2993 | D:4      | Fell from the grace of Nemelex Xobeh
  2993 | D:4      | Became a worshipper of Warmaster Okawaru
  2993 | D:4      | Reached * piety under Okawaru
  3057 | D:4      | Reached skill level 5 in Armour
  3077 | D:4      | Found a bloodstained altar of Trog.
  3132 | D:4      | Reached skill level 5 in Shields
  3317 | D:5      | Entered Level 5 of the Dungeon
  3330 | D:5      | Reached skill level 6 in Maces & Flails
  3604 | D:5      | Found a sand-covered staircase.
  3713 | D:5      | Found a stormy altar of Qazlal.
  3768 | D:6      | Noticed Natasha
  3770 | D:6      | Found a staircase to the Ecumenical Temple.
  3791 | D:6      | Reached XP level 8. HP: 15/46 MP: 5/8
  3796 | D:6      | HP: 2/46 [leopard gecko (1)]
  3808 | D:6      | HP: 1/46 [gnoll/halberd (3)]
  4089 | D:6      | Killed Natasha
  4189 | D:6      | Reached skill level 7 in Maces & Flails
  4198 | D:6      | Reached ** piety under Okawaru
  4295 | D:6      | Found a bloodstained altar of Trog.
  4398 | D:6      | Found Koug's Armour Shoppe.
  4402 | D:6      | Bought a +4 ring mail of magic resistance for 403 gold pieces
  4517 | D:6      | Found Gushrior's Gadget Shoppe.
  4621 | D:6      | Noticed Menkaure
  4630 | D:6      | Killed Menkaure
  4630 | D:6      | Reached skill level 8 in Maces & Flails
  4667 | D:7      | Reached XP level 9. HP: 47/51 MP: 9/9
  4691 | D:7      | Found an opulent altar of Gozag.
  4716 | D:7      | Reached *** piety under Okawaru
  4858 | D:7      | Found a deep blue altar of Sif Muna.
  4888 | D:7      | Found a sacrificial altar of Ru.
  4894 | D:7      | Found an ancient bone altar of Kikubaaqudgha.
  4894 | D:7      | Found an iron altar of Okawaru.
  5030 | D:7      | Reached skill level 9 in Maces & Flails
  5053 | D:7      | Found a glowing silver altar of Zin.
  5212 | D:7      | Found a glowing golden altar of the Shining One.
  5238 | D:7      | Found Huugij's Antique Weapon Boutique.
  5439 | D:8      | Noticed a two-headed ogre
  5445 | D:8      | Killed a two-headed ogre
  5555 | D:8      | Found a staircase to the Lair.
  5557 | D:8      | Noticed a troll
  5567 | D:8      | Reached **** piety under Okawaru
  5567 | D:8      | Reached skill level 10 in Maces & Flails
  5578 | D:8      | Reached XP level 10. HP: 31/56 MP: 7/10
  5985 | D:8      | Found a hide-covered altar of Uskayaw.
  6206 | D:8      | Gained mutation: You evolve. [potion of mutation]
  6206 | D:8      | Gained mutation: You occasionally shout uncontrollably at your foes. [potion of mutation]
  6206 | D:8      | Lost mutation: You occasionally shout uncontrollably at your foes. [potion of mutation]
  6401 | D:8      | Found a burning altar of Makhleb.
  6447 | D:8      | Gained mutation: Armour fits poorly on your strangely shaped body. [potion of mutation]
  6447 | D:8      | Gained mutation: Your muscles are strong. (Str +2) [potion of mutation]
  6448 | D:8      | Lost mutation: Your muscles are strong. (Str +2) [potion of mutation]
  6448 | D:8      | Gained mutation: You have supernaturally acute eyesight. (SInv) [potion of mutation]
  6448 | D:8      | Lost mutation: You evolve. [potion of mutation]
  6807 | D:9      | Reached ***** piety under Okawaru
  6807 | D:9      | Reached skill level 11 in Maces & Flails
  6885 | D:9      | Received a gift from Okawaru
  7822 | D:9      | Cast into level 2 of the Abyss (a distortion unwield)
  7827 | Abyss:2  | Found a corrupted altar of Lugonu.
  7838 | Abyss:2  | Found a corrupted altar of Lugonu.
  7863 | Abyss:2  | Noticed a tentacled starspawn
  7876 | Abyss:2  | Killed a tentacled starspawn
  7876 | Abyss:2  | Received a gift from Okawaru
  7876 | Abyss:2  | Reached skill level 12 in Maces & Flails
  7876 | Abyss:2  | Reached XP level 11. HP: 15/60 MP: 8/11
  7882 | Abyss:2  | HP: 3/60 [demonic crawler (8)]
  7883 | Abyss:2  | HP: 1/60 [demonic crawler (2)]
  7883 | Abyss:2  | Slain by a demonic crawler

Skill      XL: |  1  2  3  4  5  6  7  8  9 10 |
---------------+-------------------------------+-----
Maces & Flails | 3 4 5 6 8 10 12 | 12.0
Armour         | 4 5 6 8 9 |  9.8
Shields        | 4 5 6 8 9 |  9.6
Fighting       | |  3.3

Action                   |  1- 3 |  4- 6 |  7- 9 | 10-12 || total
-------------------------+-------+-------+-------+-------++-------
Melee: Flail             |   117 |   225 |       |    62 ||   404
       Mace              |       |    56 |   428 |   178 ||   662
Invok: Heroism           |       |       |     8 |     3 ||    11
Evoke: Deck              |       |     1 |       |       ||     1
       Wand              |       |       |       |     1 ||     1
  Use: Scroll            |       |     8 |     6 |     4 ||    18
       Potion            |       |     2 |       |     7 ||     9
  Eat: Bread ration      |     1 |     1 |       |     2 ||     4
       Meat ration       |       |       |     3 |       ||     3
Armor: Scale mail        |    42 |       |       |       ||    42
       Chain mail        |    53 |    94 |   201 |       ||   348
       Ring mail         |       |       |    90 |   165 ||   255
Dodge: Dodged            |    45 |    47 |   191 |   166 ||   449
Block: Shield            |    87 |    63 |   259 |   194 ||   603
